 Dungeon Crawl Stone Soup version 0.23-a0-819-g6debee6 (webtiles) character file.

20363 nikopol the Cleaver (level 12, -2/107 HPs)
             Began as a Minotaur Berserker on Jan 22, 2019.
             Was an Elder of Trog.
             Slain by a spiny frog (9 damage)
             ... on level 5 of the Lair of Beasts.
             The game lasted 00:30:20 (13647 turns).

nikopol the Cleaver (Minotaur Berserker)           Turns: 13647, Time: 00:30:21

Health: -2/107     AC: 11    Str: 29    XL:     12   Next: 44%
Magic:  20/20      EV: 14    Int:  4    God:    Trog [****..]
Gold:   911        SH:  0    Dex: 13    Spells: 11/11 levels left

rFire    x . .     SeeInvis .   a - +2 executioner's axe (elec)
rCold    . . .     Gourm    +   (shield currently unavailable)
rNeg     . . .     Faith    .   H - +0 ring mail of Foumufok {rPois rF- MR+}
rPois    +         Spirit   .   (helmet restricted)
rElec    +         Reflect  .   L - +1 cloak {+Inv}
rCorr    +         Harm     .   t - +0 pair of gloves
MR       +++..                  (no boots)
Stlth    +.........             g - amulet of the gourmand
HPRegen  1.27/turn              s - ring "Ujext" {+Blink rElec MP+9}
MPRegen  0.17/turn              P - ring of resist corrosion

@: mighty, regenerating, drained
A: retaliatory headbutt, horns 2
a: Berserk, Trog's Hand, Brothers in Arms, Renounce Religion, Evoke Blink, Evoke
Invisibility


You were on level 5 of the Lair of Beasts.
You worshipped Trog.
Trog was greatly pleased with you.
You were very full.

You visited 2 branches of the dungeon, and saw 14 of its levels.
You also visited: Sewer.

You collected 911 gold pieces.

Inventory:

Hand Weapons
 a - a +2 executioner's axe of electrocution (weapon)
 z - a +0 shortbow
 M - a +3 morningstar of protection
 Q - a +0 war axe
Missiles
 i - 137 arrows
Armour
 t - a +0 pair of gloves (worn)
 H - the +0 ring mail of Foumufok (worn) {rPois rF- MR+}
   (You found it on level 8 of the Dungeon)

   It makes you vulnerable to fire.
   It protects you from poison.
   It affects your resistance to hostile enchantments.
 L - a +1 cloak of invisibility (worn)
Jewellery
 g - an amulet of the gourmand (around neck)
 s - the ring "Ujext" (left hand) {+Blink rElec MP+9}
   (You took it off a gnoll sergeant on level 9 of the Dungeon)

   [ring of magical power]

   It insulates you from electricity.
   It affects your magic capacity (+9).
   It lets you blink.
 P - a ring of resist corrosion (right hand)
Wands
 e - a wand of disintegration (11)
 B - a wand of flame (49)
 G - a wand of iceblast (6)
 I - a wand of polymorph (32)
Scrolls
 f - 3 scrolls of remove curse
 j - 2 scrolls of teleportation
 q - 2 scrolls of enchant armour {unknown}
 u - 3 scrolls of fear {unknown}
 x - 2 scrolls of blinking {unknown}
 y - 3 scrolls of magic mapping {unknown}
 A - a scroll of vulnerability {unknown}
 C - 6 scrolls of identify
 D - a scroll of enchant weapon {unknown}
 F - a scroll of random uselessness {unknown}
 J - a scroll of fog {unknown}
 O - a scroll of torment {unknown}
Potions
 b - a potion of resistance {unknown}
 d - 3 potions of curing
 h - 3 potions of ambrosia {unknown}
 k - a potion of magic {unknown}
 l - 2 potions of flight {unknown}
 m - 2 potions of invisibility {unknown}
 n - 5 potions of might
 o - 4 potions of brilliance
 p - 8 potions of heal wounds {unknown}
 r - 4 potions of haste {unknown}
 v - 2 potions of degeneration {unknown}
 w - 2 potions of agility {unknown}
 E - a potion of lignification {unknown}
 K - a potion of cancellation {unknown}
Comestibles
 c - 15 rations


   Skills:
 + Level 10.5(10.2) Fighting
 * Level 14.6(14.3) Axes
 * Level 11.7(11.4) Bows
 + Level 9.9(9.6) Armour
 + Level 6.1(5.9) Dodging
 + Level 1.7(1.5) Stealth


You had 11 spell levels left.
You didn't know any spells.
Your spell library was empty.

Dungeon Overview and Level Annotations

Branches:
Dungeon (9/15)             Temple (0/1) D:5            Lair (6/6) D:9
  Snake (0/4) Lair:2          Orc (0/2) D:9
  Swamp: Lair:2-4    Shoals: Lair:2-4     Slime: Lair:5-6

Altars:
Dithmenos
Fedhas
Gozag
Okawaru
Qazlal
Ru
Sif Muna
The Shining One


Innate Abilities, Weirdness & Mutations

You reflexively headbutt those who attack you in melee.
You have a pair of horns on your head.


Message History

You feel drained. The hell rat misses you. You furiously retaliate!
You headbutt the hell rat! The crocodile bites you.
* * * LOW HITPOINT WARNING * * *
A komodo dragon comes into view.
The hell rat misses you.
You are too injured to fight recklessly!
You are too injured to fight recklessly!
The komodo dragon hisses angrily.
You slash the hell rat!
You kill the hell rat!
A yak comes into view.
You barely miss the spiny frog. The spiny frog closely misses you.
The spiny frog stings you!
* * * LOW HITPOINT WARNING * * *
Okay, then.
Your skin crawls.
You feel resistant to hostile enchantments.
The spiny frog stings you!
You die...

... #... ######......
.............
............
###P+.......##
..##@##.P##....P#
#...P.#FY.P.......#.
##.....Y...........>
#..................
#...l......>.......
#P....?.............
#...........Y........
##....P..P#........#.
##..##.###.......##


You could see a komodo dragon, 3 yaks and a spiny frog.

Vanquished Creatures
  Rupert (Lair:6)
  A hydra (Lair:1)
  A two-headed ogre (D:8)
  A queen ant (Lair:3)
  An orc high priest (D:9)
  An ugly thing (D:7)
  A deep elf mage (D:9)
  Maurice (D:8)
  Joseph (D:8)
  3 elephants (Lair:6)
  Psyche (D:8)
  7 spiny frogs
  2 komodo dragons
  A troll (D:9)
  Grinder (D:6)
  Prince Ribbit (D:8)
  10 blink frogs
  4 hippogriffs
  A basilisk (Lair:1)
  A yak (D:9)
  2 wyverns
  2 hungry ghosts
  A steam dragon (D:8)
  6 nagas (Lair:2)
  7 soldier ants (Lair:3)
  An acid dragon (D:9)
  2 water moccasins
  4 porcupines
  A phantom (D:5)
  2 black bears
  2 orc warriors
  A sky beast (D:7)
  3 centaurs
  5 ogres
  7 crocodiles
  6 bullfrogs
  5 big kobolds
  A gnoll sergeant (D:9)
  2 water moccasin zombies
  4 scorpions
  A water moccasin skeleton (D:5)
  2 howler monkeys
  2 electric eels (D:7)
  4 crimson imps
  A centaur zombie (D:9)
  A bullfrog zombie (D:9)
  3 hounds
  3 jellies
  An orc priest (D:8)
  Crazy Yiuf (D:3)
  4 orc wizards
  5 iguanas
  14 worker ants
  A hell rat (Lair:5)
  A hound zombie (D:9)
  A hound skeleton (D:7)
  7 gnolls
  A river rat (D:4)
  10 adders
  A shadow imp (D:8)
  An ooze (D:1)
  An adder skeleton (D:4)
  2 worms
  4 leopard geckos
  38 orcs
  11 bats
  9 giant cockroaches
  5 goblins
  4 hobgoblins
  5 jackals (D:9)
  5 quokkas
  3 ball pythons
  9 frilled lizards
  A jackal skeleton (D:8)
  A jackal zombie (D:5)
  19 kobolds
  4 quokka skeletons
  9 rats
300 creatures vanquished.

Vanquished Creatures (others)
  A howler monkey (D:8)
  2 fungi
  7 plants
10 creatures vanquished.

Grand Total: 310 creatures vanquished

Notes
Turn   | Place    | Note
-------+----------+-------------------------------------------
     0 | D:1      | nikopol the Minotaur Berserker began the quest for the Orb.
     0 | D:1      | Reached XP level 1. HP: 19/19 MP: 0/0
    35 | D:1      | Reached skill level 4 in Axes
    35 | D:1      | Reached XP level 2. HP: 21/27 MP: 1/1
  1046 | D:2      | Reached XP level 3. HP: 31/33 MP: 2/2
  1918 | D:3      | Reached ** piety under Trog
  1918 | D:3      | Reached XP level 4. HP: 41/41 MP: 3/3
  2162 | D:3      | Found a shadowy altar of Dithmenos.
  2285 | D:3      | Found a runed door.
  2289 | D:3      | Noticed Crazy Yiuf
  2293 | D:3      | Killed Crazy Yiuf
  2293 | D:3      | Reached skill level 5 in Axes
  2429 | D:4      | Reached XP level 5. HP: 45/47 MP: 4/4
  2467 | D:4      | Found a glowing drain.
  2471 | Sewer    | Entered a sewer
  2555 | Sewer    | Reached XP level 6. HP: 44/55 MP: 5/5
  2861 | Sewer    | Reached skill level 5 in Fighting
  2866 | Sewer    | Reached skill level 6 in Axes
  2866 | Sewer    | Reached skill level 5 in Armour
  2870 | Sewer    | Reached *** piety under Trog
  3139 | D:4      | Found a deep blue altar of Sif Muna.
  3315 | D:4      | Reached XP level 7. HP: 42/61 MP: 6/6
  3654 | D:4      | Found an opulent altar of Gozag.
  3962 | D:5      | Entered Level 5 of the Dungeon
  4014 | D:5      | Reached skill level 7 in Axes
  4019 | D:5      | HP: 2/62 [poisoned by a worker ant]
  4304 | D:5      | Reached skill level 1 in Stealth
  4396 | D:5      | Found a blossoming altar of Fedhas.
  4403 | D:5      | Reached XP level 8. HP: 58/70 MP: 7/7
  4509 | D:5      | Found a staircase to the Ecumenical Temple.
  4903 | D:6      | Reached skill level 8 in Axes
  4968 | D:6      | Found an iron altar of Okawaru.
  4978 | D:6      | Found a stormy altar of Qazlal.
  5182 | D:6      | Found a sacrificial altar of Ru.
  5431 | D:6      | Noticed Grinder
  5435 | D:6      | Paralysed by Grinder for 3 turns
  5444 | D:6      | Killed Grinder
  5444 | D:6      | Reached skill level 9 in Axes
  5448 | D:6      | Reached **** piety under Trog
  6186 | D:7      | Reached XP level 9. HP: 78/78 MP: 8/8
  6226 | D:7      | Noticed a cyan ugly thing
  6238 | D:7      | Killed a cyan ugly thing
  6238 | D:7      | Reached skill level 10 in Axes
  6238 | D:7      | Reached skill level 1 in Bows
  7099 | D:8      | Noticed Joseph
  7108 | D:8      | Killed Joseph
  7260 | D:8      | Reached skill level 11 in Axes
  7260 | D:8      | Reached skill level 5 in Bows
  7419 | D:8      | Noticed Prince Ribbit
  7568 | D:8      | Killed Prince Ribbit
  7781 | D:8      | Reached skill level 5 in Dodging
  7783 | D:8      | Reached XP level 10. HP: 88/88 MP: 9/9
  8055 | D:8      | Noticed Maurice
  8068 | D:8      | Got a crude ring mail
  8070 | D:8      | Killed Maurice
  8117 | D:8      | Identified the cursed +0 ring mail of Foumufok {rPois rF-
                  | MR+} (You found it on level 8 of the Dungeon)
  8154 | D:8      | Noticed Psyche
  8164 | D:8      | Killed Psyche
  8184 | D:8      | Noticed a two-headed ogre
  8192 | D:8      | Killed a two-headed ogre
  8552 | D:9      | Found a staircase to the Orcish Mines.
  9013 | D:9      | Received a gift from Trog
  9088 | D:9      | Noticed a deep elf mage
  9090 | D:9      | Identified the ring "Ujext" {+Blink rElec MP+9}
  9092 | D:9      | Noticed an orc high priest
  9106 | D:9      | Killed an orc high priest
  9106 | D:9      | Reached skill level 12 in Axes
  9130 | D:9      | Killed a deep elf mage
  9135 | D:9      | HP: 4/90 [gnoll/+3 morningstar of protection (9)]
  9545 | D:9      | Found a glowing golden altar of the Shining One.
  9633 | D:9      | Found a staircase to the Lair.
  9649 | D:9      | Reached XP level 11. HP: 88/95 MP: 10/10
  9811 | Lair:1   | Entered Level 1 of the Lair of Beasts
 10716 | Lair:1   | Noticed a seven-headed hydra
 10722 | Lair:1   | Killed a seven-headed hydra
 10722 | Lair:1   | Reached ***** piety under Trog
 11335 | Lair:2   | Reached skill level 13 in Axes
 11578 | Lair:2   | Reached skill level 10 in Bows
 12159 | Lair:2   | Received a gift from Trog
 12232 | Lair:2   | Found a staircase to the Snake Pit.
 12961 | Lair:3   | Reached skill level 10 in Fighting
 13012 | Lair:3   | Reached XP level 12. HP: 81/106 MP: 11/11
 13191 | Lair:3   | Received a gift from Trog
 13215 | Lair:3   | Noticed a queen ant
 13254 | Lair:3   | Killed a queen ant
 13378 | Lair:3   | You fall through a shaft for 3 floors!
 13378 | Lair:6   | Entered Level 6 of the Lair of Beasts
 13379 | Lair:6   | Noticed a catoblepas
 13388 | Lair:6   | Noticed Rupert
 13407 | Lair:6   | Killed Rupert
 13407 | Lair:6   | Reached skill level 14 in Axes
 13647 | Lair:5   | Slain by a spiny frog

Vault maps used:
D:1:      minmay_arrival_shoal_huts, roderic_lattice_a
D:2:      serial_forest, infiniplex_forest_end_1, infiniplex_forest_lined_ring,
          infiniplex_forest_lined_3_way, infiniplex_forest_end_1,
          infiniplex_forest_clump_double, infiniplex_forest_lined_1,
          first_ration
D:3:      nicolae_dithmenos_through_a_glass_darkly, uniq_crazy_yiuf_cottage
D:4:      lemuel_blue_sif_altar, nicolae_gozag_cash_rules_everything_around_me,
          gup_sewer_entry_spiral, serial_rivers, chequers_serial_rivers_marsh,
          chequers_serial_rivers_micro_d, chequers_serial_rivers_micro_c,
          chequers_serial_rivers_small_a
D:5:      nicolae_overflow_crystal_walls, minmay_temple_entry_drinking_statues
D:6:      grunt_temple_overflow_open, nicolae_ru_awakened_eye, uniq_grinder
D:7:      serial_bayou_pond_b
D:8:      uniq_joseph, uniq_psyche, uniq_prince_ribbit1, uniq_maurice
D:9:      minmay_the_grid_net, kennysheep_mini_moat, lair_entry_dummy
Lair:1:   minivault_23, minmay_hedge_maze, infiniplex_staircase_pool_2
Lair:2:   minmay_snake_entry_guardpost_medium, infiniplex_staircase_pool
Lair:3:   zaba_anthell, grunt_megastairs_1
Lair:5:   slime_altar_1, beast_lair_carwin_11, lemuel_fruit_tree,
          grunt_megastairs_5
Lair:6:   guppyfry_lair_end_dragon, hangedman_lair_unloving_vines, uniq_rupert
Sewer:    kennysheep_pipe_town

Skill      XL: |  1  2  3  4  5  6  7  8  9 10 11 12 |
---------------+-------------------------------------+-----
Axes           | 4 5 6 7 9 11 12 13 14 | 14.6
Fighting       | 4 5 6 8 10 | 10.5
Armour         | 3 4 5 6 7 8 9 |  9.9
Dodging        | 3 4 5 6 |  6.1
Stealth        | 1 |  1.7
Bows           | 5 8 11 | 11.7

Action                   |  1- 3 |  4- 6 |  7- 9 | 10-12 || total
-------------------------+-------+-------+-------+-------++-------
Melee: Hand axe          |    85 |   119 |   299 |    22 ||   525
       Headbutt          |     9 |    25 |    67 |    80 ||   181
       War axe           |       |       |       |   297 ||   297
       Morningstar       |       |       |       |     4 ||     4
       Executioner's axe |       |       |       |    14 ||    14
 Fire: Shortbow          |       |       |    75 |   269 ||   344
Invok: Berserk           |     1 |     3 |     5 |     9 ||    18
       Trog's Hand       |       |       |       |     1 ||     1
       Brothers in Arms  |       |       |       |     1 ||     1
  Use: Scroll            |       |     5 |     3 |     3 ||    11
       Potion            |       |       |     1 |     1 ||     2
  Eat: Chunk             |     3 |     8 |    35 |    33 ||    79
Armor: Scale mail        |    31 |    43 |   106 |     4 ||   184
       Animal skin       |     3 |       |       |       ||     3
       Ring mail         |       |       |       |    96 ||    96
Dodge: Dodged            |    57 |    71 |   154 |   194 ||   476

Table legend:
 A = Non-vault XP
 B = Vault XP
 C = Vault XP percentage of total XP
 D = Non-vault monster count
 E = Vault monster count
 F = Vault count percentage of total count
                 A         B        C        D         E       F
            +---------+---------+-------+---------+---------+-------
      Total |   17140 |   11950 |  41.1 |     218 |      83 |  27.6
            +---------+---------+-------+---------+---------+-------
        D:1 |      40 |       0 |   0.0 |      20 |       0 |   0.0
        D:2 |      50 |       0 |   0.0 |      14 |       0 |   0.0
        D:3 |      60 |      40 |  40.0 |      19 |       1 |   5.0
        D:4 |     288 |      48 |  14.3 |      21 |       6 |  22.2
        D:5 |     610 |       0 |   0.0 |      23 |       0 |   0.0
        D:6 |     395 |     300 |  43.2 |      11 |       1 |   8.3
        D:7 |     935 |     841 |  47.4 |      20 |       7 |  25.9
        D:8 |    2144 |    1628 |  43.2 |      26 |       4 |  13.3
        D:9 |     956 |    2321 |  70.8 |      19 |      14 |  42.4
     Lair:1 |    4824 |       0 |   0.0 |      16 |       0 |   0.0
     Lair:2 |    2807 |     960 |  25.5 |      12 |       6 |  33.3
     Lair:3 |    2204 |    2523 |  53.4 |      12 |      19 |  61.3
     Lair:5 |      32 |       0 |   0.0 |       1 |       0 |   0.0
     Lair:6 |    1795 |    2882 |  61.6 |       4 |       1 |  20.0
      Sewer |       0 |     407 | 100.0 |       0 |      24 | 100.0
            +---------+---------+-------+---------+---------+-------
